 Dungeon Crawl Stone Soup version 0.28.0 (webtiles) character file.

Game seed: 2869347947288491741

3077 mortz the Destroyer (level 9, -3/70 HPs)
             Began as a Pale Draconian Conjurer on Feb 16, 2022.
             Was an Initiate of Makhleb.
             Slain by a two-headed ogre (15 damage)
             ... on level 7 of the Dungeon.
             The game lasted 01:44:07 (11738 turns).

mortz the Destroyer (Pale Draconian Conjurer)      Turns: 11738, Time: 01:44:08

Health: -3/70      AC:  9    Str: 11    XL:     9   Next: 58%
Magic:  18/18      EV: 15    Int: 22    God:    Makhleb [......]
Gold:   510        SH:  0    Dex: 21    Spells: 18/21 levels left

rFire   . . .      SeeInvis .   L - +3 dire flail (freeze)
rCold   . . .      Faith    .   (shield currently unavailable)
rNeg    . . .      Spirit   .   (armour unavailable)
rPois   .          Reflect  .   (helmet restricted)
rElec   .          Harm     .   (no cloak)
rCorr   .          Rampage  .   g - +0 pair of gloves
Will    .....                   c - +0 pair of boots
Stlth   +++.......              (no amulet)
HPRegen 0.21/turn               K - +6 ring of dexterity
MPRegen 0.16/turn               w - +6 ring of dexterity

@: about to teleport
A: breathe steam, AC +7, unfitting armour, cold-blooded, steam resistance
a: Breathe Steam, Renounce Religion


You were on level 7 of the Dungeon.
You worshipped Makhleb.
Makhleb was noncommittal.
You visited 2 branches of the dungeon, and saw 9 of its levels.
You also visited: Ossuary.

You collected 510 gold pieces.

Inventory:

Hand Weapons
 k - a +2 dagger of draining
 l - a +1 dagger of flaming
 u - a +2 spectral quarterstaff
 x - a +4 dire flail
 C - a +1 spear of chaos
 F - a +1 spear of flaming
 H - a +0 scimitar of holy wrath
 I - a +1 dagger of venom
 J - a +3 morningstar
 L - a +3 dire flail of freezing (weapon)
 M - a +2 war axe of electrocution
Missiles
 d - 12 poisoned darts
 A - a throwing net
Armour
 c - a +0 pair of boots (worn)
 g - a +0 pair of gloves (worn)
Jewellery
 f - a ring of willpower
 w - a +6 ring of dexterity (right hand)
 D - a ring of protection from fire
 K - a +6 ring of dexterity (left hand)
Wands
 E - a wand of mindburst (37)
Scrolls
 a - 4 scrolls of teleportation
 h - 7 scrolls of identify {unknown}
 i - 3 scrolls of enchant weapon {unknown}
 p - a scroll of amnesia {unknown}
 r - a scroll of blinking {unknown}
 s - a scroll of noise {unknown}
Potions
 b - a potion of degeneration {unknown}
 e - 2 potions of heal wounds {unknown}
 j - 7 potions of mutation {unknown}
 m - 2 potions of brilliance {unknown}
 n - 2 potions of attraction {unknown}
 o - 4 potions of curing {unknown}
 q - 3 potions of cancellation {unknown}
 t - 2 potions of might {unknown}
 N - a potion of invisibility {unknown}


   Skills:
 + Level 3.3 Fighting
 + Level 3.3 Short Blades
 * Level 3.7(4.2) Maces & Flails
 - Level 2.7(3.7) Staves
 + Level 4.7 Dodging
 + Level 3.6 Stealth
 + Level 6.5 Spellcasting
 + Level 8.2 Conjurations


You had 18 spell levels left.
You knew the following spells:

 Your Spells              Type           Power      Damage    Failure   Level
a - Magic Dart            Conj           100%       1d8       1%          1
b - Searing Ray           Conj           86%        2d7       1%          2

Your spell library contained the following spells:

 Spells                   Type           Power      Damage    Failure   Level
 Dazzling Flash           Conj/Hex       50%        N/A       4%          3
 Apportation              Tloc           14%        N/A       9%          1
 Sting                    Tmut/Pois      28%        1d4       9%          1
 Mephitic Cloud           Conj/Pois/Air  19%        N/A       9%          3
 Corpse Rot               Necr/Air       14%        N/A       13%         2
 Ensorcelled Hibernation  Hex/Ice        14%        N/A       13%         2
 Poisonous Vapours        Pois/Air       14%        N/A       13%         2
 Fulminant Prism          Conj/Hex       12%        3d9       16%         4
 Iskenderun's Mystic Bla  Conj/Tloc      25%        2d7       16%         4
 Ignite Poison            Fire/Tmut/Pois 7%         N/A       26%         3
 Ozocubu's Armour         Ice            7%         N/A       26%         3
 Spider Form              Tmut/Pois      7%         N/A       26%         3
 Freezing Cloud           Conj/Ice/Air   9%         6-21      61%         5
 Anguish                  Hex/Necr       3%         N/A       65%         4
 Dispel Undead            Necr           7%         3d8       65%         4
 Olgreb's Toxic Radiance  Pois           7%         N/A       65%         4
 Alistair's Intoxication  Tmut/Pois      4%         N/A       94%         5
 Metabolic Englaciation   Hex/Ice        3%         N/A       94%         5
 Death Channel            Necr           3%         N/A       100%        6
 Simulacrum               Ice/Necr       3%         N/A       100%        6
 Summon Cactus Giant      Summ           3%         N/A       100%        6
 Dragon's Call            Summ           3%         N/A       100%        9


Dungeon Overview and Level Annotations

Branches:
Dungeon (8/15)             Temple (1/1) D:6         Ossuary (visited)
   Lair: D:8-11

Altars:
Ashenzari
Cheibriados
Dithmenos
Elyvilon
Gozag
Hepliaklqana
Kikubaaqudgha
Makhleb
Nemelex Xobeh
Okawaru
Qazlal
Ru
Uskayaw
Vehumet
Wu Jian
Xom
Beogh

Annotations:
D:6 1 transporter, RighteousDevil's ghost, novice DDMo


Innate Abilities, Weirdness & Mutations

You can breathe blasts of scalding, opaque steam.
Your pale cyan-grey scales are hard. (AC +7)
You cannot fit into any form of body armour.
You are cold-blooded and may be slowed by cold attacks.
You are immune to the effects of steam.


Message History

You closely miss the orc warrior.
You tail-slap the orc warrior, but do no damage.
The orc warrior is heavily wounded.
The orc warrior barely misses you.
As you read the scroll of teleportation, it crumbles to dust.
You feel strangely unstable.
The orc warrior hits you with a +0 flail.
You thump the orc warrior! You freeze the orc warrior.
The orc warrior is almost dead.
The orc warrior barely misses you.
You barely miss the orc warrior.
The orc warrior is almost dead.
The orc warrior closely misses you.
You hit the orc warrior. You freeze the orc warrior.
You kill the orc warrior!
Makhleb accepts your kill.
Your surroundings suddenly seem different.
You start resting.
Magic restored.
You start resting.
HP restored.
Items here: ) [[ ÷.
There is a stone staircase leading down, spattered with blood here.
You start waiting.
Done waiting.
You start waiting.
Done waiting.
You climb downwards.
The two-headed ogre hits you with a +0 giant club! x2
The orc wizard points at you and mumbles some strange words.
The puff of flame hits you!
There is a stone staircase leading up here.
The two-headed ogre hits you with a +0 giant club! x2
* * * LOW HITPOINT WARNING * * *
You climb upwards.
There is a stone staircase leading down, spattered with blood here.
As you read the scroll of teleportation, it crumbles to dust.
You feel strangely unstable. The two-headed ogre misses you.
The two-headed ogre hits you with a +0 giant club!
You die...

####.########## #.............#
#.##.##.#####.# ##### ###
#.##.##.####... #...# ##.##
#.##.......#... #.#.# ##...##
#.#####.##....# ##.#.###.....##
#.#####.####..#
#..#..........#####.............#
#.######......(O@[.##########...#
.......##...######.# #...#
..##.#.###.#### #.# #...#
..##.#........####.## #....
.....#........)[.[..# ######...#
.##..#........(###..####.......[.
.##..#..........<#.[......)......
...............#.#...###.........
###.###..............# ######...#


You could see a two-headed ogre.

Vanquished Creatures
  Prince Ribbit (D:5)
  The ghost of Fractals the Digger, an amateur DEEE of Sif Muna (D:5)
  An ice beast (D:4)
  A sky beast (D:7)
  3 orc warriors
  An ogre (D:6)
  A necrophage (D:7)
  A phantom (D:5)
  3 scorpions
  3 gnoll sergeants (D:6)
  3 water moccasin zombies (Ossuary)
  8 wights
  4 howler monkeys
  3 quasits (D:5)
  A bullfrog zombie (D:7)
  A hound (D:6)
  3 orc priests
  A centaur skeleton (D:6)
  2 gnoll shamans
  2 iguanas
  8 orc wizards
  A hound skeleton (D:4)
  2 mummies (Ossuary)
  12 gnolls
  A howler monkey skeleton (D:5)
  9 adders
  2 white imps
  9 adder zombies (Ossuary)
  3 dart slugs
  25 orcs
  8 bats
  8 endoplasms
  3 giant cockroaches (D:2)
  6 hobgoblins
  10 jackals (D:4)
  4 quokkas
  8 ball pythons
  4 frilled lizards
  5 gnoll zombies (Ossuary)
  5 goblins
  6 hobgoblin zombies (Ossuary)
  5 kobolds
  2 kobold zombies (Ossuary)
  6 orc zombies (Ossuary)
  11 rats
207 creatures vanquished.

Vanquished Creatures (others)
  6 plants (D:6)
6 creatures vanquished.

Grand Total: 213 creatures vanquished

Notes
Turn   | Place    | Note
-------+----------+-------------------------------------------
     0 | D:1      | mortz the Draconian Conjurer began the quest for the Orb.
     0 | D:1      | Reached XP level 1. HP: 14/14 MP: 3/3
   273 | D:1      | Reached XP level 2. HP: 11/20 MP: 1/5
   460 | D:1      | Learned a level 2 spell: Searing Ray
  1055 | D:1      | Reached XP level 3. HP: 26/26 MP: 3/6
  1431 | D:2      | Reached skill level 5 in Conjurations
  2043 | D:2      | Reached XP level 4. HP: 33/33 MP: 0/7
  2151 | D:2      | Found a faded altar of an unknown god.
  2838 | D:3      | Found a broken altar of Ashenzari.
  3196 | D:3      | Found an opulent altar of Gozag.
  3752 | D:4      | Reached XP level 5. HP: 38/38 MP: 6/9
  3790 | D:4      | Found a stormy altar of Qazlal.
  3890 | D:4      | Found a sand-covered staircase.
  3898 | Ossuary  | Entered an ossuary
  3924 | Ossuary  | Reached skill level 1 in Short Blades
  4444 | Ossuary  | Reached XP level 6. HP: 37/45 MP: 1/11
  4468 | Ossuary  | Reached skill level 6 in Conjurations
  5104 | D:4      | Noticed an ice beast
  5111 | D:4      | Killed an ice beast
  5112 | D:4      | Your scales start taking on a pale cyan-grey colour.
  5112 | D:4      | Reached XP level 7. HP: 38/51 MP: 3/12
  5112 | D:4      | Gained mutation: You are immune to the effects of steam.
                  | [Pale Draconian growth]
  5360 | D:4      | Found a radiant altar of Vehumet.
  5360 | D:4      | Found a sacrificial altar of Ru.
  5595 | D:5      | Entered Level 5 of the Dungeon
  5795 | D:5      | Noticed Prince Ribbit
  5803 | D:5      | Killed Prince Ribbit
  5804 | D:5      | Reached skill level 1 in Staves
  6033 | D:5      | Reached skill level 1 in Fighting
  6039 | D:5      | Reached XP level 8. HP: 50/59 MP: 4/14
  6045 | D:5      | Reached skill level 7 in Conjurations
  6527 | D:5      | Noticed Fractals's ghost (amateur DEEE)
  6608 | D:5      | Found a transporter.
  6619 | D:5      | Found a transporter.
  6628 | D:5      | Reached skill level 5 in Spellcasting
  6630 | D:5      | Killed Fractals's ghost
  7241 | D:6      | Reached skill level 1 in Maces & Flails
  7485 | D:6      | Found a staircase to the Ecumenical Temple.
  7493 | D:6      | Got the Incunabulum of Creation
  7499 | Temple   | Entered the Ecumenical Temple
  7717 | Temple   | Became a worshipper of Makhleb the Destroyer
  7978 | D:6      | Found a transporter.
  7978 | D:6      | Found a transporter.
  7988 | D:6      | Noticed RighteousDevil's ghost (novice DDMo)
  7988 | D:6      | Identified the +5 scale mail of Oguinob {Dex+3}
  7988 | D:6      | Identified the +1 buckler of Plog {Slay+2 Stlth+}
  8121 | D:6      | Reached XP level 9. HP: 24/67 MP: 4/17
  9493 | D:6      | ghost vault
  9854 | D:7      | Reached skill level 8 in Conjurations
 11251 | D:8      | Noticed a two-headed ogre
 11738 | D:7      | Slain by a two-headed ogre

Illustrated notes

≈###.........W.....###≈≈.#
≈.8#.######'######.#8.≈≈.#
≈.##.#.⌠.#..8#...#.##.≈≈.#
≈.#..'.)...©⌠#:..'..#.≈≈.#
≈.##.#.⌠.#[[8#(..#.##.≈≈.#
≈.8#.######[######.#8.≈≈.#
≈###...............###≈≈.#
≈#...###©#####.###...#≈≈.#
≈#.8.#.###.©.###@#.8.#≈≈.#
≈#####...........#####≈≈.##
≈≈≈≈≈≈≈≈≈≈...≈≈≈≈≈≈≈≈≈≈≈..#
≈≈≈≈≈≈≈≈≈≈...≈≈≈≈≈≈≈≈≈≈≈..#
..........................#
..........................#
###########################


Turn 9493 on D:6: ghost vault

Levels and vault maps discovered:
D:1:      amcnicky_arrival_abandoned_market, layout_basic, st_stairs_12
D:2:      minmay_spotlight, layout_basic,
          hellmonk_ecumenical_altar_defaced_shrine
D:3:      layout_basic, lemuel_crystal_altar, old_standard_altar
D:4:      layout_loops_cross, mainiacjoe_overflow_chevrons,
          jmf_multi_god_temple, nicolae_ossuary_entry_plus
D:5:      layout_basic, gammafunk_ghost_stat_death, uniq_prince_ribbit1
D:6:      layout_rooms, minmay_temple_entry_large_hall,
          gammafunk_ghost_gnarly_gnolls, small_statue_intersection
D:7:      layout_loops_cross
D:8:      layout_basic, grunt_temple_overflow_open,
          mainiacjoe_overflow_catwalk_spiral
Temple:   minmay_temple_curvy_loop

Skill      XL: |  1  2  3  4  5  6  7  8  9 |
---------------+----------------------------+-----
Conjurations   | 5 6 7 8 |  8.2
Stealth        | 2 3 |  3.6
Dodging        | 2 3 4 |  4.7
Short Blades   | 1 2 3 |  3.3
Spellcasting   | 3 4 5 6 |  6.5
Staves         | 1 2 |  2.7
Fighting       | 1 3 |  3.3
Maces & Flails | 1 3 |  3.7

Action                   |  1- 3 |  4- 6 |  7- 9 || total
-------------------------+-------+-------+-------++-------
Melee: Short sword       |    21 |       |       ||    21
       Tailslap          |     4 |     5 |     8 ||    17
       Dagger            |     3 |    56 |       ||    59
       Quarterstaff      |       |       |    24 ||    24
       Dire flail        |       |       |    35 ||    35
 Cast: Magic Dart        |    70 |    77 |   147 ||   294
       Searing Ray       |     4 |    23 |    62 ||    89
  Use: Scroll            |       |     1 |     5 ||     6
Armor: Skin              |    10 |    23 |    72 ||   105
Dodge: Dodged            |    15 |    43 |   107 ||   165
